Map: Dreamcatcher LE

Players

CaleneW - Winner!

  • Race: Zerg Zerg
  • League: Grandmaster
  • Spawn Location: 11:00

Jens

  • Race: Terran Terran
  • League: Master
  • Spawn Location: 5:00

VOD

Have the link to the VOD?

Description

Roach Ravager Ling all in vs Terran. 5.6k Zerg vs 5.9k Terran

Time

  • Played on: July 24, 2018, 6:17 p.m.
  • Length: 5:51
Show
View Real Time Build Order
Export as new Build Order

CaleneW Zerg - Winner!

Build Orders: Hatch First 

Get SALT Encoding   

  12  0:00  Drone  
  13  0:12  Overlord  
  13  0:17  Drone  
  14  0:31  Drone x2  
  14  0:35  Drone  
  17  0:52  Hatchery  
  17  0:55  Drone  
  17  0:58  Drone  
  18  1:10  Extractor  
  17  1:14  Spawning Pool  
  17  1:17  Drone  
  17  1:21  Drone  
  18  1:29  Drone  
  19  1:39  Overlord  
  19  1:50  Drone  
  20  2:01  Queen  
  20  2:02  Zergling x2  
  20  2:03  Queen  
  20  2:04  Zergling x2  
  26  2:09  Metabolic Boost  
  26  2:12  Drone  
  27  2:17  Drone  
  28  2:24  Drone  
  28  2:26  Zergling x2  
  30  2:37  Hatchery  
  29  2:45  Drone x3  
  29  2:50  Overlord  
  32  2:57  Drone  
  33  3:04  Drone  
  34  3:07  Drone  
  35  3:13  Drone x6  
  41  3:30  Roach Warren  
  41  3:32  Extractor  
  41  3:33  Extractor  
  38  3:35  Drone x3  
  38  3:36  Drone  
  38  3:37  Drone  
  43  3:41  Overlord  
  43  3:42  Overlord  
  43  3:44  Overlord  
  43  4:04  Overlord  
  45  4:10  Roach x7  
  45  4:12  Roach  
  59  4:17  Zergling x2  
  59  4:21  Zergling x2  
  59  4:24  Zergling x8  
  65  4:25  Zergling x2  
  66  4:41  Roach  
  66  4:42  Zergling x10  
  66  4:45  Zergling x4  
  72  4:56  Zergling x6  
  75  5:06  Ravager x7  
  82  5:07  Overlord x3  
  80  5:31  Zergling x2  
  80  5:32  Zergling x18  
Show
View Real Time Build Order
Export as new Build Order

Jens Terran 

Build Orders: Command Center First (CC) 

Get SALT Encoding   

  12  0:18  SCV  
  13  0:29  Supply Depot  
  13  0:30  SCV  
  14  0:42  SCV  
  15  0:54  SCV  
  16  1:01  Command Center  
  16  1:06  SCV  
  17  1:14  Barracks  
  18  1:18  SCV  
  18  1:25  Refinery  
  18  1:30  SCV  
  19  1:42  SCV  
  20  2:02  Orbital Command  
  20  2:10  Reaper  
  20  2:13  Orbital Command  
  21  2:28  SCV  
  21  2:29  Command Center  
  22  2:40  SCV  
  22  2:41  SCV  
  22  2:42  Marine  
  25  2:52  Refinery, Factory  
  25  2:53  SCV  
  25  2:56  SCV  
  27  3:03  Barracks Reactor  
  27  3:08  SCV x2  
  29  3:13  Supply Depot  
  29  3:20  SCV x2  
  31  3:32  SCV x2  
  33  3:39  Starport  
  33  3:42  Orbital Command  
  33  3:44  SCV  
  33  3:45  SCV  
  33  3:47  Barracks Tech Lab  
  34  3:51  Hellion x2  
  38  3:57  SCV x2  
  38  3:59  Refinery, Starport  
  40  4:03  Refinery  
  40  4:09  SCV x2  
  42  4:14  Supply Depot  
  42  4:17  Hellion  
  42  4:18  Hellion  
  42  4:21  SCV x3  
  42  4:22  Viking  
  50  4:33  SCV x2  
  52  4:42  Hellion x2  
  52  4:43  SCV  
  52  4:45  SCV  
  57  4:52  SCV  
  57  4:55  SCV  
  57  4:56  Supply Depot  
  57  4:57  Supply Depot, Starport Tech Lab  
  58  5:05  SCV x2  
  60  5:07  SCV  
  60  5:10  Engineering Bay  
  65  5:22  Hellion  
  67  5:33  SCV x3  
Tags
 
Add a new tag
Caveats
  • Supply blocks, unpowered buildings, or Contaminate may cause inaccurate times.
  • Supply counts are checked every 10 seconds.